 Dungeon Crawl Stone Soup version 0.21-a0-47-g7c8f537 (webtiles) character file.

21 Goblin1989 the Shooter (level 2, 24/24 HPs)
             Began as a Centaur Hunter on May 25, 2017.
             Quit the game on level 1 of the Dungeon on June 9, 2017.
             The game lasted 00:03:14 (598 turns).

Goblin1989 the Shooter (Centaur Hunter)              Turns: 598, Time: 00:03:14

Health: 24/24      AC:  4    Str: 14    XL:     2   Next: 65%
Magic:  2/2        EV:  9    Int: 10    God:
Gold:   12         SH:  0    Dex:  9    Spells: 1/1 levels left

rFire    . . .     SeeInvis .   b - +0 whip
rCold    . . .     Gourm    .   (no shield)
rNeg     . . .     Faith    .   c - +0 leather armour
rPois    .         Spirit   .   (no helmet)
rElec    .         Reflect  .   (no cloak)
rCorr    .         Harm     .   (no gloves)
MR       .....                  (no barding)
Stlth    +.........             (no amulet)
Regen    0.1/turn               (no ring)
MPRegen  0.1/turn               (no ring)

@: very quick
A: hooves 3, deformed body, speed 2, tough skin 3
a: no special abilities


You were on level 1 of the Dungeon.
You were not hungry.

You visited 1 branch of the dungeon, and saw 1 of its levels.

You collected 12 gold pieces.

Inventory:

Hand Weapons
 a - a +1 shortbow
 b - a +0 whip (weapon)
Missiles
 d - 18 arrows
 h - 8 javelins of penetration (quivered)
Armour
 c - a +0 leather armour (worn)
Potions
 f - a potion of mutation {unknown}
Comestibles
 e - a bread ration {@e1}
 g - 7 chunks of flesh


   Skills:
 - Level 2.0 Fighting
 + Level 1.8 Maces & Flails
 - Level 5.5 Bows
 - Level 1.3 Dodging
 - Level 0.4 Stealth


You had one spell level left.
You didn't know any spells.

Dungeon Overview and Level Annotations

Branches:
Dungeon (1/15)

Altars:


Innate Abilities, Weirdness & Mutations

You have hooves in place of feet.
Armour fits poorly on your strangely shaped body.
You cover ground very quickly.
You have extremely tough skin. (AC +3)


Message History

The jackal barks! 2 jackals and a dart slug come into view.
A jackal comes into view.
The jackal barks! x3
You hit the jackal.
The jackal is moderately wounded.
The jackal barely misses you.
You hit the jackal. You kick the jackal.
The jackal is almost dead.
A hobgoblin comes into view.
The hobgoblin shouts!
You hit the jackal.
You kill the jackal!
The jackal bites you.
You take 1 damage, and have 23/24 hp.
You hit the jackal.
You kill the jackal!
The jackal closely misses you.
You hit the jackal.
You kill the jackal!
Health restored: 24 You hit the jackal.
Your kick misses the jackal.
The jackal is severely wounded.
The jackal barely misses you.
You closely miss the jackal. Your kick misses the jackal.
The jackal is heavily wounded.
The jackal barely misses you.
The jackal bites you but does no damage.
You closely miss the jackal.
The jackal is heavily wounded.
The jackal bites you but does no damage.
You hit the jackal. Your kick misses the jackal.
The jackal is almost dead.
The jackal bites you but does no damage.
The jackal bites you.
You take 3 damage, and have 21/24 hp.
You hit the jackal.
You kill the jackal!
You hit the dart slug.
The dart slug is heavily wounded.
The dart slug closely misses you.
You hit the dart slug.
The dart slug is severely wounded.
You hit the dart slug.
The dart slug is almost dead.
The dart slug closely misses you.
You hit the dart slug but do no damage. You kick the dart slug.
You kill the dart slug!
You hit the hobgoblin but do no damage. Your kick misses the hobgoblin.
The hobgoblin hits you.
You hit the hobgoblin but do no damage. The hobgoblin barely misses you.
You take 4 damage, and have 17/24 hp.
You closely miss the hobgoblin. The hobgoblin hits you.
You take 2 damage, and have 15/24 hp.
You hit the hobgoblin.
The hobgoblin is lightly wounded.
The hobgoblin closely misses you.
You hit the hobgoblin.
You kill the hobgoblin!
No target in view!
No target in view!
No target in view!
No target in view!
No target in view!
No target in view!
No target in view!
No target in view!
No target in view!
No target in view!
No target in view!
No target in view!
No target in view!
No target in view!
No target in view!
No target in view!
No target in view!
No target in view!
No target in view!
No target in view!
No target in view!
No target in view!
No target in view!
No target in view!
No target in view!
You butcher the jackal corpse.
g - 3 chunks of flesh You butcher the jackal corpse.
g - 6 chunks of flesh (gained 3)
You butcher the jackal corpse.
g - 7 chunks of flesh (gained 1)
You see here a jackal skeleton. x2
Health restored: 24 You now have 8 gold pieces.
You see here a ring mail.
You now have 12 gold pieces (gained 4).
h - 8 javelins of penetration Saving game... please wait.
Welcome back, Goblin1989 the Centaur Hunter.
Press ? for a list of commands and other information.
Are you sure you want to abandon this character and quit the game? (Confirm with "yes".) █████████

█.......█ .█
█.......█ █
....███.......██.$
█....@██.......███
█████.......███...
█................
██..█████.....██
██. ██......█
█.███.......█
...█.......████
████.............
.............███


There were no monsters in sight!

Vanquished Creatures
  A dart slug (D:1)
  A leopard gecko (D:1)
  3 hobgoblins (D:1)
  6 jackals (D:1)
  A bat (D:1)
  3 kobolds (D:1)
  A rat (D:1)
16 creatures vanquished.

Notes
Turn   | Place    | Note
-------+----------+-------------------------------------------
     0 | D:1      | Goblin1989 the Centaur Hunter began the quest for the Orb.
     0 | D:1      | Reached XP level 1. HP: 17/17 MP: 1/1
    21 | D:1      | Upgraded the game from 0.21-a0-26-g7b23a2f to 0.21-a0-42-gb537e02
   161 | D:1      | Reached skill level 1 in Maces & Flails
   180 | D:1      | Reached XP level 2. HP: 8/24 MP: 2/2
   598 | D:1      | Upgraded the game from 0.21-a0-42-gb537e02 to 0.21-a0-47-g7c8f537
   598 | D:1      | Quit the game

Vault maps used:
D:1:      evilmike_arrival_crescent, doesnt_xom_only_xom

Skill      XL: |  1 |
---------------+----+-----
Maces & Flails | 1 |  1.8
Fighting       | |  2.0
Bows           | |  5.5
Dodging        | |  1.3
Stealth        | |  0.4

Action                   || total
-------------------------++-------
Melee: Whip              ||    38
       Kick              ||     5
 Fire: Shortbow          ||    19
Armor: Leather armour    ||    12
Dodge: Dodged            ||    28

Vault maps used:
D:1:      evilmike_arrival_crescent, doesnt_xom_only_xom
